 Dungeon Crawl Stone Soup version 0.18-a0-1788-g92de1ac (webtiles) character file.

23 M4edhros the Grave Robber (level 2, 0/17 HPs)
             Began as an Octopode Necromancer on Apr 20, 2016.
             Succumbed to an adder's poison
             ... on level 3 of the Dungeon.
             The game lasted 00:03:23 (594 turns).

M4edhros the Grave Robber (Octopode Necromancer)     Turns: 594, Time: 00:03:24

Health: 0/17       AC:  1    Str:  7 (10) XL:     2   Next: 95%
Magic:  5/5        EV:  7    Int: 14 (17) God:
Gold:   46         SH:  9    Dex: 11 (12) Spells: 1 memorised, 4 levels left

rFire  . . .     SeeInvis .       - Unarmed
rCold  . . .     Gourm    .     e - +0 large shield
rNeg   . . .     Faith    .     (helmet restricted)
rPois  .         Spirit   .     c - amulet of inaccuracy
rElec  .         Dismiss  .     d - +3 ring of strength
rCorr  .         Reflect  .     i - ring of loudness
SustAt .         Harm     .     (no ring)
MR     .....                    (no ring)
Stlth  ++........               (no ring)
                                (no ring)
                                (no ring)
                                (no ring)

@: lethally poisoned (0 -> -9), not resistant to hostile enchantments,
unstealthy
A: almost no armour, amphibious, 8 rings, constrict 8, camouflage 1, gelatinous
body 1
a: no special abilities


You were on level 3 of the Dungeon.
You were not hungry.

You visited 1 branch of the dungeon, and saw 4 of its levels.

You collected 46 gold pieces.

Inventory:

Hand Weapons
 g - a +0 vampiric dagger
Missiles
 f - 19 stones (quivered)
Armour
 e - a +0 large shield (worn)
Jewellery
 c - an amulet of inaccuracy (around mantle)
 d - a +3 ring of strength (left tentacle)
 i - a ring of loudness (right tentacle)
Wands
 h - a wand of iceblast (11/15)
Books
 a - a book of Necromancy

   Spells                             Type                      Level
   a - Pain                           Necromancy                   1
   b - Animate Skeleton               Necromancy                   1
   c - Vampiric Draining              Necromancy                   3
   d - Regeneration                   Charms/Necromancy            3
   e - Animate Dead                   Necromancy                   4
   f - Control Undead                 Necromancy                   4
Comestibles
 b - 2 bread rations


   Skills:
 - Level 2.0 Dodging
 - Level 2.6 Stealth
 + Level 2.4 Unarmed Combat
 - Level 2.0 Spellcasting
 - Level 4.0 Necromancy


You had 4 spell levels left.
You knew the following spells:

 Your Spells              Type           Power        Failure   Level  Hunger
a - Pain                  Necr           ##..         93%         1    ##.....


Dungeon Overview and Level Annotations

Branches:
Dungeon (4/15)
 Temple: D:4-7

Altars:
Ru

Annotations:
D:4 Purgy


Innate Abilities, Weirdness & Mutations

You cannot wear most types of armour.
You are amphibious.
You can wear up to eight rings at the same time.
You can use your tentacles to constrict eight enemies at once.
Your skin changes colour to match your surroundings (Stealth).
Your rubbery body absorbs attacks (AC +1).


Message History

Unknown command.
You closely miss the adder. Your grab misses the adder.
Your tentacle-slap misses the adder.
The adder is lightly wounded.
You block the adder's attack. The adder bites you.
* * * LOW HITPOINT WARNING * * *
Unknown command.
You aren't carrying any potions.
Read which item? (? for menu, Esc to quit)
Okay, then.
Read which item? (? for menu, Esc to quit)
As you read the scroll labeled ZODELI PIOTUA, it crumbles to dust.
You feel as if something is helping you.
It was a scroll of remove curse.
The adder bites you.
* * * LOW HITPOINT WARNING * * *
You are lethally poisoned!
The adder poisons you!
You miss the adder. Your grab misses the adder.
The adder is lightly wounded.
You die...

##### ....
#..#
###..###
#......#
#..S@..#
..........#
.........##
..[......#
.........#
.........#
.........#
......####


You could see an adder.

Vanquished Creatures
  An adder (D:2)
  A worm (D:2)
  A dart slug (D:1)
  A giant cockroach (D:1)
  3 goblins
  A bat (D:1)
  A giant newt (D:1)
  2 rats (D:1)
11 creatures vanquished.

Notes
Turn   | Place    | Note
--------------------------------------------------------------
     0 | D:1      | M4edhros the Octopode Necromancer began the quest for the Orb.
     0 | D:1      | Reached XP level 1. HP: 11/11 MP: 3/3
    61 | D:1      | Reached skill level 1 in Unarmed Combat
   118 | D:1      | Reached XP level 2. HP: 13/17 MP: 0/5
   148 | D:2      | Found a sacrificial altar of Ru.
   558 | D:4      | Noticed Purgy
   594 | D:3      | Succumbed to an adder's poison

Vault maps used:
D:1:      ncdulo_lavacross
D:2:      nicolae_ru_awakened_eye, ecumenical_altar_1, minmay_vboxes
D:3:      elyvilon_altar_3, hex_tiny
D:4:      minmay_bisected, uniq_purgy

Skill      XL: |  1  2 |
---------------+-------+-----
Unarmed Combat | 1 2 |  2.4
Dodging        | |  2.0
Stealth        | |  2.6
Spellcasting   | |  2.0
Necromancy     | |  4.0

Action                   || total
-------------------------++-------
Melee: Unarmed           ||    22
       Tentacles         ||     3
       Constrict         ||     2
 Cast: Pain              ||    15
  Use: Potion            ||     3
       Scroll            ||     4
 Stab: Sleeping          ||     3
Armor: Skin              ||     2
Dodge: Dodged            ||    11
Block: Large shield      ||     4
